cohdb
Replays
Latest Replays
All Replays
Popular Replays
Top Player Replays
Match Explorer
How It Works
Community
CoH3 Stats
Reddit
Sign in to upload your games and track your stats! →
Sign in with Steam
Match 43618070
Unlisted
Match 43618070
Overview
Messages
Build Orders
End
Kettenkrad Recon Vehicle
Construct Infanterie Kompanie
MG 42 Machine Gun Team
Grenadier Squad
MG 42 Bunker
Grenadier Squad
Construct Panzergrenadier Kompanie
251 Medium Carrier
Pioneer Squad
Support Elements
Infanterie Officer Quarters
MG 42 Bunker
Panzergrenadier Squad
Selects Breakthrough Battlegroup
Selects Rapid Production
Selects Assault Grenadiers
Nodrog Inmate
Joraad
Black Jack
CPU - EASY
Ze_Goober_Meister
毛熊政委
zoomy2
burak.sezgin34fb
0
0
Comments
sign in to comment!
No comments posted yet!